 Dungeon Crawl Stone Soup version 0.29-a0-998-g1987434951 (webtiles) character file.

Game seed: 16407093830176809989

688 quixfox the Digger (level 7, 0/38 HPs)
             Began as a Gargoyle Earth Elementalist on Aug 5, 2022.
             Was an Initiate of Vehumet.
             Slain by a gnoll sergeant
             ... wielding a +1 trident of venom
              (9 damage)
             ... on level 5 of the Dungeon.
             The game lasted 00:15:51 (4620 turns).

quixfox the Digger (Gargoyle Earth Elementalist)    Turns: 4620, Time: 00:15:52

Health: 0/38       AC: 12    Str: 11    XL:     7   Next: 63%
Magic:  10/14      EV: 12    Int: 18    God:    Vehumet [......]
Gold:   189        SH:  0    Dex: 15    Spells: 9/15 levels left

rFire   . . .      SeeInvis .   e - +6 hammer of Luxury {drain, Will+ Dex+5}
rCold   . . .      Faith    .   (no shield)
rNeg    + . .      Spirit   .   a - +0 robe
rPois   ∞          Reflect  .   o - +0 helmet
rElec   +          Harm     .   (no cloak)
rCorr   .          Rampage  .   g - +0 pair of gloves
Will    .....                   (no boots)
Stlth   ++........              (no amulet)
HPRegen 0.12/turn               p - +4 ring of protection
MPRegen 0.14/turn               (no ring)

@: weak-willed
A: sickness immunity, AC +4, negative energy resistance 1, electricity
resistance, torment resistance 1, petrification resistance
a: Renounce Religion


You were on level 5 of the Dungeon.
You worshipped Vehumet.
Vehumet was noncommittal.
You visited 1 branch of the dungeon, and saw 5 of its levels.

You collected 189 gold pieces.

Inventory:

Hand Weapons
 e - the +6 hammer of Luxury (weapon) {drain, Will+ Dex+5}
   (You found it on level 3 of the Dungeon)

   A truly terrible weapon, it drains the life of any living foe it strikes.
   Dex:       It affects your dexterity (+5).
   Will:      It increases your willpower.
Missiles
 l - 2 throwing nets
Armour
 a - a +0 robe (worn)
 g - a +0 pair of gloves (worn)
 o - a +0 helmet (worn)
Jewellery
 p - a +4 ring of protection (left hand)
Wands
 k - a wand of polymorph (6)
Scrolls
 j - a scroll of amnesia
Potions
 b - a potion of magic
 c - 4 potions of curing
 d - 2 potions of attraction
 f - 2 potions of mutation
 h - 3 potions of brilliance
 i - a potion of resistance {unknown}


   Skills:
 + Level 1.0 Fighting
 + Level 1.0 Armour
 - Level 1.5 Dodging
 - Level 2.1 Stealth
 + Level 4.7 Spellcasting
 + Level 4.4 Conjurations
 - Level 0.7 Transmutations
 + Level 6.7 Earth Magic


You had 9 spell levels left.
You knew the following spells:

 Your Spells              Type           Power      Damage    Failure   Level
a - Sandblast             Erth           56%        2d13      1%          1
b - Passwall              Tmut/Erth      14%        N/A       4%          2
c - Stone Arrow           Conj/Erth      48%        3d10      4%          3

Your spell library contained the following spells:

 Spells                   Type           Power      Damage    Failure   Level
 Slow                     Hex            16%        N/A       14%         1
 Petrify                  Tmut/Erth      17%        N/A       30%         4
 Confusing Touch          Hex            4%         N/A       38%         3
 Portal Projectile        Hex/Tloc       8%         N/A       38%         3
 Tukima's Dance           Hex            4%         N/A       38%         3
 Vampiric Draining        Necr           4%         2d6       38%         3
 Blade Hands              Tmut           3%         N/A       96%         5


Dungeon Overview and Level Annotations

Branches:
Dungeon (5/15)             Temple (0/1) D:5

Altars:
Cheibriados
Fedhas
Trog
Vehumet
Yredelemnul

Annotations:
D:3 1 runed translucent door, Crazy Yiuf, Grinder
D:5 Sigmund


Innate Abilities, Weirdness & Mutations

You are immune to sickness and miasma.
Your stone body is resilient. (AC +4)
You are immune to poison.
You resist negative energy. (rN+)
You are resistant to electric shocks. (rElec)
You are resistant to unholy torment.
You are immune to petrification.


Message History

Aiming: Sandblast (safe; 1% risk of failure)
Press: ? - help, Q - select action, (/) - cycle Shift-Dir - straight line, f/p - ice beast
Aim: an ice beast (almost dead, 83% to hit)
The blast of sand hits the ice beast.
The ice beast is almost dead.
The gnoll hits you from afar with a +0 spear.
The gnoll sergeant hits you from afar with a +1 trident of venom.
The ice beast misses you. The gnoll hits you but does no damage.
The ice beast misses you.
The gnoll sergeant hits you from afar with a +1 trident of venom.
Aiming: Sandblast (safe; 1% risk of failure)
Press: ? - help, Q - select action, (/) - cycle Shift-Dir - straight line, f/p - ice beast
Aim: an ice beast (almost dead, 83% to hit)
The blast of sand hits the ice beast!
You kill the ice beast!
Vehumet accepts your kill. The gnoll hits you but does no damage.
The gnoll sergeant completely misses you.
The gnoll sergeant closely misses you.
The gnoll hits you from afar with a +0 spear.
The gnoll closely misses you.
Your Fighting skill increases to level 1!
Your Armour skill increases to level 1!
The gnoll misses you. The gnoll barely misses you.
The gnoll sergeant hits you from afar with a +1 trident of venom.
The gnoll hits you but does no damage.
The gnoll sergeant hits you with a +1 trident of venom!
There is a stone staircase leading down here.
As you read the scroll labelled JEM PIHOIQ RAL, it crumbles to dust.
Magic quickly surges around you.
It was a scroll of vulnerability.
The gnoll barely misses you. x2; The gnoll hits you with a +0 club.
* * * LOW HITPOINT WARNING * * *
The gnoll sergeant hits you with a +1 trident of venom.
* * * LOW HITPOINT WARNING * * *
As you read the scroll labelled RUAFUDEXUO, it crumbles to dust.
It is a scroll of brand weapon.
You aren't carrying any weapons that can be branded.
The gnoll misses you.
The gnoll sergeant hits you with a +1 trident of venom!
You die...

######## ##......## ##........##
#.......g@.# #......ggg.#
#.......g..# #..........#
#..........# ##########
##........## #........#
###..........######........#
#..........................#
#.....#..........######........#


You could see a gnoll sergeant (weak-willed) and 4 gnolls.

Vanquished Creatures
  Menkaure (D:4)
  An ice beast (D:5)
  A phantom (D:5)
  A gnoll bouda (D:5)
  2 hounds
  Natasha (thrice) (D:2)
  2 iguanas
  Robin (D:3)
  3 adders
  4 gnolls (D:5)
  A shadow imp (D:5)
  An ufetubus (D:4)
  2 worms
  A dart slug (D:1)
  An orc (D:5)
  4 bats
  8 endoplasms
  2 giant cockroaches (D:4)
  16 goblins
  11 hobgoblins
  6 jackals (D:2)
  5 kobolds
  6 quokkas
  11 ball pythons
  4 frilled lizards
  A jackal skeleton (D:4)
  A jackal zombie (D:4)
  3 rats
103 creatures vanquished.

Vanquished Creatures (others)
  A demonic plant (D:3)
1 creature vanquished.

Grand Total: 104 creatures vanquished

Notes
Turn   | Place    | Note
-------+----------+-------------------------------------------
     0 | D:1      | quixfox the Gargoyle Earth Elementalist began the quest for
                  | the Orb.
     0 | D:1      | Reached XP level 1. HP: 10/10 MP: 3/3
   411 | D:1      | Reached skill level 4 in Earth Magic
   411 | D:1      | Reached XP level 2. HP: 11/15 MP: 1/5
   999 | D:1      | Reached XP level 3. HP: 19/19 MP: 4/6
  1002 | D:1      | Learned a level 2 spell: Passwall
  1006 | D:1      | Learned a level 3 spell: Stone Arrow
  1422 | D:2      | Reached skill level 1 in Conjurations
  1761 | D:2      | Reached XP level 4. HP: 22/24 MP: 1/8
  2042 | D:2      | Noticed Natasha
  2046 | D:2      | Killed Natasha
  2328 | D:2      | Noticed Natasha
  2334 | D:2      | Killed Natasha
  2335 | D:2      | Reached skill level 5 in Earth Magic
  2335 | D:2      | Reached XP level 5. HP: 28/28 MP: 7/9
  2384 | D:2      | Noticed Natasha
  2387 | D:2      | Killed Natasha
  2420 | D:3      | Noticed Robin
  2525 | D:3      | Killed Robin
  2551 | D:3      | Noticed Grinder
  2642 | D:3      | Noticed a rust devil
  2643 | D:3      | Found a faded altar of an unknown god.
  3028 | D:3      | Found a runed translucent door.
  3029 | D:3      | Noticed Crazy Yiuf
  3030 | D:3      | Identified the +6 hammer of Luxury {drain, Will+ Dex+5}
  3165 | D:4      | Found a blossoming altar of Fedhas.
  3230 | D:4      | Found a snail-covered altar of Cheibriados.
  3239 | D:4      | Reached XP level 6. HP: 32/32 MP: 7/11
  3326 | D:4      | Found a runed translucent door.
  3326 | D:4      | Noticed a human
  3331 | D:4      | Found a basalt altar of Yredelemnul.
  3431 | D:4      | Found a bloodstained altar of Trog.
  3484 | D:4      | Noticed Menkaure
  3489 | D:4      | Killed Menkaure
  3490 | D:4      | Reached skill level 6 in Earth Magic
  3629 | D:4      | Found a radiant altar of Vehumet.
  3638 | D:4      | Became a worshipper of Vehumet
  3990 | D:5      | Entered Level 5 of the Dungeon
  4068 | D:5      | Reached XP level 7. HP: 30/36 MP: 10/13
  4395 | D:5      | Found a staircase to the Ecumenical Temple.
  4466 | D:5      | Noticed Sigmund
  4610 | D:5      | Reached skill level 1 in Fighting
  4610 | D:5      | Reached skill level 1 in Armour
  4620 | D:5      | Slain by a gnoll sergeant

Illustrated notes

Levels and vault maps discovered:
D:1:      minmay_arrival_stone_box, layout_loops_corners, nrook_uturn,
          minmay_hexomino_c4
D:2:      layout_loops_ring, uniq_natasha
D:3:      layout_loops_ring, mainiacjoe_overflow_swirl,
          dreamdust_ecumenical_altar_sealed_demon, uniq_crazy_yiuf_cottage,
          uniq_grinder, uniq_robin
D:4:      layout_loops_ring, dk_yredelemnul_ordeal,
          mainiacjoe_overflow_alcove_4, lemuel_crystal_altar,
          mainiacjoe_overflow_catch_the_wave, uniq_menkaure
D:5:      layout_rooms, jmf_multi_god_temple2, minmay_temple_entry_tees,
          uniq_sigmund

Skill      XL: |  1  2  3  4  5  6  7 |
---------------+----------------------+-----
Earth Magic    | 4 5 6 |  6.7
Conjurations   | 1 2 3 4 |  4.4
Spellcasting   | 3 4 |  4.7
Fighting       | 1 |  1.0
Armour         | 1 |  1.0
Dodging        | |  1.5
Stealth        | |  2.1
Transmutations | |  0.7

Action                   |  1- 3 |  4- 6 |  7- 9 || total
-------------------------+-------+-------+-------++-------
Melee: Spear             |       |     1 |       ||     1
 Cast: Sandblast         |    52 |    86 |    26 ||   164
  Use: Scroll            |       |     7 |     3 ||    10
Armor: Robe              |    11 |    34 |    14 ||    59
Dodge: Dodged            |    16 |    34 |    18 ||    68

Table legend: (Time is in decaauts)
 A = Elapsed time spent in this place.
 B = Non-inter-level travel time spent in this place.
 C = Inter-level travel time spent in this place.
 D = Time resting spent in this place.
 E = Time spent auto-exploring this place.
 F = Levels seen in this place.
 G = Mean time per level.
                   A        B        C        D        E       F      G
               +--------+--------+--------+--------+--------+-----+--------+
         Total |   4786 |   4437 |    349 |    895 |   1952 |   5 |  957.2 |
       Dungeon |   4786 |   4437 |    349 |    895 |   1952 |   5 |  957.2 |
               +--------+--------+--------+--------+--------+-----+--------+

Top non-repeatable levels by time:
     D:1: 1306 daAuts
     D:2: 1278 daAuts
     D:4: 1207 daAuts
     D:3: 560 daAuts
     D:5: 434 daAuts
